[ AOE2 MATCH · #504534580 ]
UnrankedHuns vs Hindustanis
Player's team · LOSS
[ REPLAY ANALYSIS · EXTRACTED FROM THE RECORDED GAME ]
Feudal
—
Castle
—
Imperial
—
| APM avg | 10.3 |
| APM peak | 45 |
| eAPM avg | 3.9 |
| Villagers / military | 5 / 0 |
Focus
⚔️ 64.9% · 🌾 35.1%
Feudal
10:38
Castle
15:32
Imperial
—
| APM avg | 61.1 |
| APM peak | 113 |
| eAPM avg | 18.8 |
| Villagers / military | 43 / 7 |
Focus
⚔️ 23.2% · 🌾 76.8%
Camel Scout ×5 · Mangonel ×2
Match map
Initial resources + every placement click. Lines = walls · curves = elevation contours. ◆ gold · ⬟ stone · ● berries · ✦ relic · ◌ wall gap
Your base· Open — unwalled flank
TmZ_Jozuh's base· Open — unwalled flank
Smoothed initial terrain · ◌ = detected wall gap · hover for details
Inputs per minute
— 習近平 - - TmZ_Jozuh
Build order — 習近平
42 actions detected in the replay
| 1:31 | Research | Loom |
| 7:27 | Queue | Villager (Male) |
| 7:27 | Queue | Villager (Male) |
| 7:27 | Queue | Villager (Male) |
| 7:28 | Queue | Villager (Male) |
| 7:28 | Queue | Villager (Male) |
| 10:29 | Build | Palisade Wall |
| 10:31 | Build | Palisade Wall |
| 10:34 | Build | Palisade Wall |
| 10:36 | Build | Palisade Wall |
| 10:41 | Build | Palisade Wall |
| 10:43 | Build | Palisade Wall |
| 10:47 | Build | Palisade Wall |
| 10:49 | Build | Palisade Wall |
| 10:51 | Build | Palisade Wall |
| 10:54 | Build | Palisade Wall |
| 10:59 | Build | Palisade Wall |
| 11:07 | Build | Palisade Wall |
| 11:09 | Build | Palisade Wall |
| 11:11 | Build | Palisade Wall |
| 11:14 | Build | Palisade Wall |
| 11:17 | Build | Palisade Wall |
| 11:19 | Build | Palisade Wall |
| 11:24 | Build | Palisade Wall |
| 11:28 | Build | Palisade Wall |
| 12:35 | Build | Palisade Wall |
| 13:19 | Build | Palisade Wall |
| 16:51 | Build | Palisade Wall |
| 16:53 | Build | Palisade Wall |
| 16:57 | Build | Palisade Wall |
| 17:01 | Build | Palisade Wall |
| 17:03 | Build | Palisade Wall |
| 17:07 | Build | Palisade Wall |
| 17:09 | Build | Palisade Wall |
| 17:24 | Build | Palisade Wall |
| 17:26 | Build | Palisade Wall |
| 17:28 | Build | Palisade Wall |
| 18:17 | Build | Palisade Wall |
| 18:27 | Build | Palisade Wall |
| 18:31 | Build | Palisade Wall |
| 18:49 | Build | Palisade Wall |
| 18:51 | Build | Palisade Wall |
Build order — TmZ_Jozuh
103 actions detected in the replay
| 0:00 | Queue | Villager (Male) |
| 0:00 | Queue | Villager (Male) |
| 0:02 | Build | House |
| 0:03 | Build | House |
| 0:13 | Queue | Villager (Male) |
| 0:13 | Queue | Villager (Male) |
| 1:01 | Queue | Villager (Male) |
| 1:31 | Queue | Villager (Male) |
| 2:14 | Build | Lumber Camp |
| 2:37 | Queue | Villager (Male) |
| 2:37 | Queue | Villager (Male) |
| 3:49 | Queue | Villager (Male) |
| 3:54 | Build | House |
| 3:58 | Queue | Villager (Male) |
| 4:14 | Queue | Villager (Male) |
| 4:43 | Queue | Villager (Male) |
| 5:23 | Queue | Villager (Male) |
| 5:43 | Queue | Villager (Male) |
| 6:21 | Queue | Villager (Male) |
| 6:27 | Queue | Villager (Male) |
| 6:27 | Queue | Villager (Male) |
| 6:27 | Queue | Villager (Male) |
| 7:14 | Queue | Villager (Male) |
| 7:45 | Build | Mill |
| 8:23 | Build | Mining Camp |
| 8:25 | Research | Loom |
| 8:28 | Research | Feudal Age |
| 9:06 | Build | Barracks |
| 9:28 | Queue | Villager (Male) |
| 9:47 | Build | Palisade Wall |
| 9:50 | Build | Palisade Wall |
| 9:51 | Build | Palisade Wall |
| 9:56 | Build | Palisade Wall |
| 9:59 | Build | Palisade Wall |
| 10:00 | Build | Palisade Wall |
| 10:02 | Build | Palisade Wall |
| 10:11 | Build | Barracks |
| 10:24 | Queue | Villager (Male) |
| 10:38 | Age | Feudal Age |
| 10:43 | Build | Blacksmith |
| 10:50 | Queue | Villager (Male) |
| 11:02 | Queue | Villager (Male) |
| 11:36 | Build | House |
| 12:00 | Build | Stable |
| 12:52 | Research | Castle Age |
| 12:53 | Research | Castle Age |
| 14:03 | Research | Loom |
| 14:05 | Queue | Villager (Male) |
| 14:59 | Build | House |
| 15:03 | Queue | Villager (Male) |
| 15:09 | Research | Double-Bit Axe |
| 15:30 | Research | Horse Collar |
| 15:32 | Build | Farm |
| 15:32 | Age | Castle Age |
| 15:38 | Build | Siege Workshop |
| 16:03 | Build | Town Center |
| 16:07 | Queue | Villager (Male) |
| 16:16 | Research | Bloodlines |
| 16:17 | Research | Husbandry |
| 16:40 | Build | House |
| 17:01 | Build | Farm |
| 17:02 | Build | Farm |
| 17:43 | Queue | Mangonel |
| 18:00 | Queue | Villager (Male) |
| 18:02 | Build | Farm |
| 18:08 | Build | Farm |
| 18:11 | Build | Farm |
| 18:38 | Queue | Mangonel |
| 18:44 | Queue | Villager (Male) |
| 18:47 | Build | Farm |
| 18:51 | Build | Farm |
| 18:58 | Build | Farm |
| 19:17 | Queue | Camel Scout |
| 19:20 | Queue | Villager (Male) |
| 19:53 | Queue | Villager (Male) |
| 19:55 | Queue | Villager (Male) |
| 20:26 | Queue | Villager (Male) |
| 20:28 | Queue | Camel Scout |
| 20:41 | Build | Farm |
| 20:43 | Build | Farm |
| 21:18 | Queue | Villager (Male) |
| 21:27 | Build | Stable |
| 21:30 | Research | Scale Barding Armor |
| 21:58 | Build | Farm |
| 22:00 | Build | Farm |
| 22:06 | Build | Market |
| 22:14 | Queue | Camel Scout |
| 22:16 | Queue | Villager (Male) |
| 22:20 | Build | House |
| 22:25 | Queue | Camel Scout |
| 22:32 | Queue | Camel Scout |
| 22:55 | Queue | Villager (Male) |
| 23:01 | Build | Mining Camp |
| 23:22 | Queue | Villager (Male) |
| 23:25 | Queue | Villager (Male) |
| 23:43 | Queue | Villager (Male) |
| 23:55 | Queue | Villager (Male) |
| 23:55 | Queue | Villager (Male) |
| 24:09 | Queue | Villager (Male) |
| 24:16 | Build | House |
| 24:17 | Build | House |
| 24:34 | Queue | Villager (Male) |
| 24:46 | Queue | Villager (Male) |
Match timeline
| 9:06 | TmZ_Jozuh · first_building Barracks |
| 9:47 | TmZ_Jozuh · wall_segment Palisade Wall x1 |
| 9:50 | TmZ_Jozuh · wall_segment Palisade Wall x1 |
| 9:51 | TmZ_Jozuh · wall_segment Palisade Wall x1 |
| 9:56 | TmZ_Jozuh · wall_segment Palisade Wall x1 |
| 9:59 | TmZ_Jozuh · wall_segment Palisade Wall x1 |
| 10:00 | TmZ_Jozuh · wall_segment Palisade Wall x1 |
| 10:02 | TmZ_Jozuh · wall_segment Palisade Wall x1 |
| 10:29 | 習近平 · wall_segment Palisade Wall x1 |
| 10:31 | 習近平 · wall_segment Palisade Wall x1 |
| 10:34 | 習近平 · wall_segment Palisade Wall x1 |
| 10:36 | 習近平 · wall_segment Palisade Wall x1 |
| 10:38 | TmZ_Jozuh · age_up feudal |
| 10:41 | 習近平 · wall_segment Palisade Wall x1 |
| 10:43 | 習近平 · wall_segment Palisade Wall x1 |
| 10:47 | 習近平 · wall_segment Palisade Wall x1 |
| 10:49 | 習近平 · wall_segment Palisade Wall x1 |
| 10:51 | 習近平 · wall_segment Palisade Wall x1 |
| 10:54 | 習近平 · wall_segment Palisade Wall x1 |
| 10:59 | 習近平 · wall_segment Palisade Wall x1 |
| 11:07 | 習近平 · wall_segment Palisade Wall x1 |
| 11:09 | 習近平 · wall_segment Palisade Wall x1 |
| 11:11 | 習近平 · wall_segment Palisade Wall x1 |
| 11:14 | 習近平 · wall_segment Palisade Wall x1 |
| 11:17 | 習近平 · wall_segment Palisade Wall x1 |
| 11:19 | 習近平 · wall_segment Palisade Wall x1 |
| 11:24 | 習近平 · wall_segment Palisade Wall x1 |
| 11:28 | 習近平 · wall_segment Palisade Wall x1 |
| 12:00 | TmZ_Jozuh · first_building Stable |
| 12:35 | 習近平 · wall_segment Palisade Wall x1 |
| 13:19 | 習近平 · wall_segment Palisade Wall x1 |
| 15:32 | TmZ_Jozuh · age_up castle |
| 15:38 | TmZ_Jozuh · first_building Siege Workshop |
| 16:51 | 習近平 · wall_segment Palisade Wall x2 |
| 16:53 | 習近平 · wall_segment Palisade Wall x1 |
| 16:57 | 習近平 · wall_segment Palisade Wall x1 |
| 17:01 | 習近平 · wall_segment Palisade Wall x1 |
| 17:03 | 習近平 · wall_segment Palisade Wall x1 |
| 17:07 | 習近平 · wall_segment Palisade Wall x1 |
| 17:09 | 習近平 · wall_segment Palisade Wall x1 |
| 17:24 | 習近平 · wall_segment Palisade Wall x1 |
| 17:26 | 習近平 · wall_segment Palisade Wall x1 |
| 17:28 | 習近平 · wall_segment Palisade Wall x1 |
| 18:17 | 習近平 · wall_segment Palisade Wall x3 |
| 18:27 | 習近平 · wall_segment Palisade Wall x1 |
| 18:31 | 習近平 · wall_segment Palisade Wall x2 |
| 18:49 | 習近平 · wall_segment Palisade Wall x1 |
| 18:51 | 習近平 · wall_segment Palisade Wall x1 |
| 24:49 | 習近平 · resign |
[ AI ANALYSIS · 1 CREDIT ]
What really happened in this match?
Wolo.gg analyzes every decision: build order, eco, micro, common mistakes by bracket. Personalized analysis on WhatsApp or Discord in 30 seconds.
Civ guide
Huns
Perfil
習近平